Map: Ultralove

Players

Flexy

  • Race: Terran Terran
  • League: Grandmaster
  • Spawn Location: 7:00

hinO - Winner!

  • Race: Zerg Zerg
  • League: Grandmaster
  • Spawn Location: 1:00

VOD

Have the link to the VOD?

Description

Time

  • Played on: Aug. 26, 2025, 4:26 p.m.
  • Length: 5:31
Show
View Real Time Build Order
Export as new Build Order

Flexy Terran 

Build Orders: Reaper Expand 

Get SALT Encoding   

  12  0:00  SCV  
  13  0:12  SCV  
  14  0:16  Supply Depot  
  14  0:24  SCV  
  15  0:38  SCV  
  15  0:40  Barracks  
  16  0:43  Refinery  
  16  0:50  SCV  
  17  1:02  SCV  
  18  1:14  SCV  
  19  1:27  Orbital Command, Reaper  
  20  1:38  Command Center  
  20  1:46  Supply Depot  
  20  1:52  SCV  
  21  1:59  Marine  
  22  2:05  SCV  
  23  2:10  Factory  
  23  2:17  SCV  
  23  2:22  Barracks Reactor  
  24  2:29  SCV  
  25  2:41  SCV  
  25  2:42  Command Center  
  26  2:50  Orbital Command  
  26  2:53  SCV  
  27  3:03  Starport  
  27  3:05  SCV  
  28  3:06  Hellion  
  28  3:08  Hellion  
  28  3:12  Barracks Tech Lab  
  32  3:16  SCV  
  32  3:17  SCV  
  34  3:20  Refinery  
  34  3:28  Hellion  
  34  3:29  SCV x2  
  34  3:30  Hellion  
  40  3:41  SCV x2  
  41  3:42  Marine  
  41  3:45  Banshee  
  41  3:48  Bunker  
  46  3:53  SCV x2  
  46  3:54  Orbital Command  
  48  4:00  Marine  
  49  4:04  Barracks  
  49  4:05  SCV x2  
  49  4:09  Barracks, Factory Reactor  
  51  4:14  Supply Depot  
  51  4:17  SCV  
  51  4:18  SCV  
  51  4:21  SCV  
  54  4:29  SCV  
  54  4:30  Supply Depot, SCV  
  56  4:33  SCV  
  56  4:37  Starport Reactor  
  56  4:38  Supply Depot  
  57  4:42  SCV x2  
  57  4:44  Marine  
  60  4:48  SCV  
  61  4:54  Marine x2  
  61  4:56  Marine  
  61  4:59  Hellion  
  52  5:00  Hellion, SCV  
  52  5:01  Marine  
  52  5:02  SCV  
  48  5:12  Marine x2  
Show
View Real Time Build Order
Export as new Build Order

hinO Zerg - Winner!

Build Orders: Hatch First 

Get SALT Encoding   

  12  0:00  Drone  
  13  0:12  Overlord  
  13  0:17  Drone  
  14  0:30  Drone x2  
  16  0:48  Hatchery  
  16  0:49  Drone  
  16  0:52  Drone  
  16  0:56  Drone  
  18  1:06  Extractor  
  17  1:12  Spawning Pool  
  17  1:15  Drone  
  17  1:19  Drone  
  18  1:28  Drone  
  19  1:38  Overlord  
  19  1:50  Drone  
  20  1:58  Queen  
  20  2:00  Zergling x2  
  20  2:01  Queen, Zergling x2  
  24  2:07  Metabolic Boost  
  26  2:10  Drone  
  26  2:14  Zergling x2  
  28  2:26  Zergling x4  
  29  2:32  Zergling x2  
  30  2:37  Zergling x2  
  30  2:40  Queen  
  30  2:43  Overlord  
  33  2:50  Lair  
  33  2:54  Zergling x2  
  33  2:58  Zergling x4  
  34  3:05  Zergling x2  
  36  3:09  Zergling x4  
  38  3:15  Zergling x2  
  38  3:16  Zergling x4  
  41  3:21  Pneumatized Carapace  
  41  3:27  Overlord  
  41  3:31  Zergling x2  
  42  3:36  Overlord  
  42  3:40  Zergling x2  
  43  3:43  Zergling x2  
  44  3:54  Zergling x2  
  44  3:55  Zergling x4  
  47  4:03  Zergling x4  
  49  4:10  Zergling x6  
  49  4:16  Zergling x4  
  54  4:22  Overseer  
  54  4:26  Zergling x6  
  54  4:29  Zergling x2  
  58  4:34  Zergling x2  
  58  4:38  Zergling x4  
  60  4:43  Overlord  
  57  4:56  Zergling x6  
  57  4:59  Zergling x2  
Tags
 
Add a new tag
Caveats
  • Supply blocks, unpowered buildings, or Contaminate may cause inaccurate times.
  • Supply counts are checked every 10 seconds.